 Dungeon Crawl Stone Soup version 0.31-a0-865-g3d5d91748a (webtiles) character file.

Game seed: 1777623555105485741

142 pokeman the Magician (level 5, 0/29 HPs)
             Began as a Deep Elf Hedge Wizard on Oct 10, 2023.
             Slain by a black bear (8 damage)
             ... on level 3 of the Dungeon.
             The game lasted 00:04:30 (3483 turns).

pokeman the Magician (Deep Elf Hedge Wizard)        Turns: 3483, Time: 00:04:31

Health: 0/29       AC:  2    Str:  7    XL:     5   Next: 3%
Magic:  1/15       EV: 13    Int: 21    God:
Gold:   231        SH:  0    Dex: 14    Spells: 8/16 levels left

rFire   . . .        a - +0 dagger
rCold   . . .        (no shield)
rNeg    + . .        b - +0 robe
rPois   .            c - +0 hat
rElec   .            (no cloak)
rCorr   .            (no gloves)
SInv    .            (no boots)
Will    .....        (no amulet)
Stlth   ++           m - ring of positive energy
HPRegen 0.24/turn    (no ring)
MPRegen 0.14/turn

%: no passive effects
@: very slightly contaminated
A: no striking features
a: no special abilities


You were on level 3 of the Dungeon.
You visited 1 branch of the dungeon, and saw 4 of its levels.

You collected 231 gold pieces.

Inventory:

Hand Weapons
 a - a +0 dagger (weapon)
Armour
 b - a +0 robe (worn)
 c - a +0 hat (worn)
Magical Staves
 o - a staff of death
Jewellery
 m - a ring of positive energy (left hand)
Scrolls
 e - 3 scrolls of identify {unknown}
 f - a scroll of fog {unknown}
 h - 2 scrolls of amnesia {unknown}
 j - a scroll of poison {unknown}
 k - 4 scrolls of teleportation {unknown}
 q - a scroll of torment {unknown}
 r - a scroll of immolation {unknown}
Potions
 d - a potion of magic
 g - a potion of heal wounds {unknown}
 i - a potion of invisibility {unknown}
 l - a potion of berserk rage {unknown}
 n - 2 potions of brilliance {unknown}
 p - a potion of enlightenment {unknown}


   Skills:
 - Level 1.0 Fighting
 - Level 1.0 Armour
 - Level 3.0 Dodging
 - Level 3.0 Stealth
 * Level 6.0 Spellcasting
 + Level 2.4 Conjurations
 - Level 1.1 Summonings
 + Level 0.0 Necromancy
 - Level 1.1 Translocations
 + Level 0.0 Air Magic
 + Level 0.0 Poison Magic
 + Level 0.0 Evocations


You had 8 spell levels left.
You knew the following spells:

 Your Spells              Type           Power      Damage    Failure   Level
a - Magic Dart            Conj           64%        1d6       3%          1
b - Mephitic Cloud        Conj/Pois/Air  9%         N/A       21%         3
c - Call Imp              Summ           20%        N/A       10%         2
d - Blink                 Tloc           20%        N/A       10%         2

Your spell library contained the following spells:

 Spells                   Type           Power      Damage    Failure   Level
 Necrotise                Necr           24%        1d5       10%         1
 Slow                     Hex            24%        N/A       10%         1
 Lesser Beckoning         Tloc           20%        N/A       10%         2
 Cigotuvi's Dreadful Rot  Necr/Pois/Air  12%        N/A       14%         2
 Gell's Gravitas          Tloc           10%        N/A       19%         3
 Teleport Other           Tloc           10%        N/A       19%         3
 Vampiric Draining        Necr           6%         2d6       28%         3
 Agony                    Necr           6%         N/A       95%         5


Dungeon Overview and Level Annotations

Branches:
Dungeon (4/15)
 Temple: D:4-7

Altars:

Shops:
D:2 *

Annotations:
D:3 3 runed translucent doors, Zvl3's ghost, amateur HOMo


Message History

Casting: Mephitic Cloud (quite dangerous; 21% risk of failure)
Confirm with . or Enter, or press ? or * to list all spells.
A tiny devil pulls itself out of the air.
Something closely misses your cerulean imp.
The black bear bites you but does no damage.
The black bear claws you. The black bear closely misses you.
Something hits your cerulean imp.
Your cerulean imp hits the black bear with a -3 spear.
Something closely misses your cerulean imp.
Your cerulean imp hits the black bear but does no damage.
Something hits your cerulean imp.
The black bear attacks as it pursues you!
The black bear bites you. The black bear claws you.
The black bear barely misses you.
The black bear attacks as it pursues you!
The black bear barely misses you. The black bear misses you. x2
There is a stone staircase leading up here.
The black bear bites you but does no damage.
The black bear claws you. The black bear misses you.
You climb upwards.
Level annotation: 3 runed translucent doors, Zvl3's ghost, amateur HOMo
There is a stone staircase leading down here.
Unknown command.
Casting: Call Imp (safe; 10% risk of failure)
Confirm with . or Enter, or press ? or * to list all spells.
You miscast Call Imp.
You are very lightly contaminated with residual magic.
Nothing appears to happen.
The black bear bites you but does no damage.
The black bear closely misses you.
The black bear claws you but does no damage.
The black bear attacks as it pursues you!
The black bear misses you. The black bear claws you. x2
The black bear attacks as it pursues you!
The black bear completely misses you. The black bear claws you.
* * * LOW HITPOINT WARNING * * *
The black bear closely misses you.
The black bear attacks as it pursues you!
The black bear bites you!
You die...

#.#.##.#.#.######### #.#
#.#<...#.#.........# #.#
#.#.####.#########.###.#
#.#.# #...............#
#.#.# ###########.#####
###.#.## #.# ......>#
#.#
###.#..#############.#
....#..........h@....#
##.......#############
.#.###.#.# ......<#.#
##.#.#.#.# ...#.#.#.#
.###.#.#.# .....#.#.#
#.####.#.#


You could see a black bear.

Vanquished Creatures
  An orc wizard (D:4)
  3 adders
  A worm (D:3)
  4 dart slugs
  7 orcs
  3 ball pythons
  2 bats (D:1)
  5 endoplasms
  3 giant cockroaches
  10 goblins
  11 hobgoblins
  A quokka (D:1)
  4 frilled lizards
  7 kobolds
  5 rats
67 creatures vanquished.

Notes
Turn   | Place    | Note
-------+----------+-------------------------------------------
     0 | D:1      | pokeman the Deep Elf Hedge Wizard began the quest for the
                  | Orb.
     0 | D:1      | Reached XP level 1. HP: 10/10 MP: 7/7
   308 | D:1      | Reached XP level 2. HP: 16/16 MP: 6/9
   635 | D:1      | Reached skill level 5 in Spellcasting
   903 | D:1      | Reached XP level 3. HP: 20/20 MP: 6/11
   907 | D:1      | Learned a level 3 spell: Mephitic Cloud
   910 | D:1      | Learned a level 2 spell: Call Imp
   913 | D:1      | Learned a level 2 spell: Blink
  1363 | D:2      | Found Wef Gitu's General Store.
  1466 | D:2      | Reached skill level 1 in Armour
  1604 | D:2      | Reached skill level 1 in Fighting
  1779 | D:2      | Reached XP level 4. HP: 25/25 MP: 10/13
  2166 | D:3      | Found a runed translucent gate.
  2166 | D:3      | Found a runed translucent gate.
  2167 | D:3      | Found a runed translucent gate.
  2316 | D:3      | Noticed Zvl3's ghost (amateur HOMo)
  3452 | D:4      | Noticed a black bear
  3463 | D:4      | Reached skill level 6 in Spellcasting
  3463 | D:4      | Reached XP level 5. HP: 20/29 MP: 2/15
  3483 | D:3      | Slain by a black bear

Illustrated notes

Levels and vault maps discovered:
D:1:      sevenhm_arrival_forest_fort_small_3, layout_basic, nrook_loot_triangle
D:2:      layout_basic, serial_shops, shop
D:3:      layout_basic, gammafunk_ghost_split, chequers_serial_rivers_micro_d
D:4:      layout_basic, minmay_temple_entry_mini_moons, uniq_robin, uniq_ijyb

Skill      XL: |  1  2  3  4 |
---------------+-------------+-----
Spellcasting   | 5 6 |  6.0
Armour         | 1 |  1.0
Fighting       | 1 |  1.0
Conjurations   | 2 |  2.4
Dodging        | 3 |  3.0
Stealth        | 3 |  3.0
Summonings     | |  1.1
Translocations | |  1.1

Action                     |  1- 3 |  4- 6 || total
---------------------------+-------+-------++-------
  Melee: Dagger            |    11 |     6 ||    17
   Cast: Magic Dart        |   106 |    82 ||   188
         Mephitic Cloud    |       |     1 ||     1
         Call Imp          |       |     1 ||     1
 Armour: Robe              |    17 |    19 ||    36
  Dodge: Dodged            |    18 |    26 ||    44

Table legend: (Time is in decaauts)
 A = Elapsed time spent in this place.
 B = Non-inter-level travel time spent in this place.
 C = Inter-level travel time spent in this place.
 D = Time resting spent in this place.
 E = Time spent auto-exploring this place.
 F = Levels seen in this place.
 G = Mean time per level.
                   A        B        C        D        E       F      G
               +--------+--------+--------+--------+--------+-----+--------+
         Total |   3482 |   3443 |     39 |      0 |   3075 |   4 |  870.5 |
       Dungeon |   3482 |   3443 |     39 |      0 |   3075 |   4 |  870.5 |
               +--------+--------+--------+--------+--------+-----+--------+

Top non-repeatable levels by time:
     D:3: 1274 daAuts
     D:1: 1215 daAuts
     D:2: 925 daAuts
     D:4: 67 daAuts
